 Dungeon Crawl Stone Soup version 0.31-a0-236-g9a0961fb85 (webtiles) character file.

Game seed: 5628345902598547719

20562 reriks the Cleaver (level 12, 0/172 HPs)
             Began as a Minotaur Berserker on July 10, 2023.
             Was an Elder of Trog.
             Slain by a skeletal warrior
             ... wielding a +0 trident
              (9 damage)
             ... on level 11 of the Dungeon.
             The game lasted 00:15:42 (13859 turns).

reriks the Cleaver (Minotaur Berserker)            Turns: 13859, Time: 00:15:42

Health: 0/172      AC: 20    Str: 27    XL:     12   Next: 46%
Magic:  11/11      EV: 12    Int:  4    God:    Trog [****..]
Gold:   837        SH:  0    Dex: 11    Spells: 11/11 levels left

rFire   . . .        q - +0 battleaxe
rCold   . . .        (shield currently unavailable)
rNeg    . . .        O - +0 plate armour
rPois   +            A - +2 hat {SInv}
rElec   .            (no cloak)
rCorr   .            (no gloves)
SInv    +            I - +1 pair of boots
Will    +++..        (no amulet) Stlth
                     u - +4 ring of slaying
HPRegen 1.48/turn    S - ring of Lust {rPois Will+ Str+4 Dex-3 Slay+3}
MPRegen 0.12/turn

%: no passive effects
@: berserking (expiring), strong-willed, regenerating, studying Dodging, very
quick
A: horns 2, retaliatory headbutt
a: Renounce Religion, Berserk, Trog's Hand, Brothers in Arms


You were on level 11 of the Dungeon.
You worshipped Trog.
Trog was greatly pleased with you.
You visited 2 branches of the dungeon, and saw 14 of its levels.
You also visited: Sewer.

You collected 837 gold pieces.

Inventory:

Hand Weapons
 a - a +0 hand axe
 j - a +2 flail of holy wrath
 q - a +0 battleaxe (weapon)
 t - a +3 whip
Missiles
 C - a throwing net
Armour
 b - a +0 animal skin
 d - a +0 ring mail
 m - an orb of wrath
 v - a +0 scale mail of fire resistance
 A - a +2 hat of see invisible (worn)
 I - a +1 pair of boots (worn)
 O - a +0 plate armour (worn)
 P - a +0 troll leather armour
 Q - a +3 troll leather armour {Snorg}
Jewellery
 f - a ring of fire
 u - a +4 ring of slaying (left hand)
 y - a ring of flight
 z - a ring of wizardry
 R - a ring of resist corrosion
 S - the ring of Lust (right hand) {rPois Will+ Str+4 Dex-3 Slay+3}
   (You acquired it on level 1 of the Lair of Beasts)

   [ring of poison resistance]

   Str:       It affects your strength (+4).
   Dex:       It affects your dexterity (-3).
   Slay:      It affects your accuracy & damage with ranged weapons and melee
   (+3).
   rPois:     It protects you from poison.
   Will:      It increases your willpower.
Wands
 p - a wand of polymorph (11)
 B - a wand of charming (20)
 N - a wand of roots (4)
 T - a wand of acid (5)
Scrolls
 c - 2 scrolls of poison
 i - 6 scrolls of teleportation
 r - a scroll of butterflies
 s - 5 scrolls of identify
 E - a scroll of noise
 M - a scroll of enchant armour
 U - a scroll of blinking
Potions
 e - 8 potions of haste
 g - a potion of mutation {unknown}
 h - 3 potions of invisibility {unknown}
 k - 2 potions of resistance {unknown}
 l - 5 potions of heal wounds
 n - 6 potions of curing
 o - a potion of attraction {unknown}
 w - 3 potions of degeneration {unknown}
 x - 3 potions of enlightenment
 D - 2 potions of brilliance {unknown}
 F - a potion of lignification {unknown}
 G - 3 potions of magic {unknown}
 H - a potion of cancellation {unknown}
 J - a potion of berserk rage {unknown}
 L - 2 potions of might


   Skills:
 + Level 13.0 Fighting
 + Level 13.0 Axes
 + Level 12.7 Armour
 + Level 12.6 Dodging


You had 11 spell levels left.
You didn't know any spells.
Your spell library was empty.

Dungeon Overview and Level Annotations

Branches:
Dungeon (11/15)            Temple (0/1) D:7            Lair (3/5) D:10
 Shoals (0/4) Lair:2        Snake (0/4) Lair:3        Sewer (visited)
    Orc: D:9-12

Altars:
Makhleb
Ru
Sif Muna
Trog
The Shining One

Shops:
D:1 ?

Annotations:
Lair:1 3 runed translucent doors, Midn8's ghost, journeyman OpCj


Innate Abilities, Weirdness & Mutations

You have a pair of horns on your head.
You reflexively headbutt those who attack you in melee.


Message History

The skeletal warrior closely misses you.
The skeletal warrior hits you but does no damage.
You slash the skeletal warrior!
You destroy the skeletal warrior!
Trog accepts your kill.
You slash the skeletal warrior!
The skeletal warrior hits you but does no damage.
The skeletal warrior closely misses you.
You slash the skeletal warrior!
Your headbutt misses the skeletal warrior.
The skeletal warrior is heavily damaged.
You hit the skeletal warrior.
The skeletal warrior is heavily damaged.
The skeletal warrior hits you with a +0 halberd!
* * * LOW HITPOINT WARNING * * *
The skeletal warrior closely misses you.
You barely miss the skeletal warrior.
You headbutt the skeletal warrior, but do no damage.
The skeletal warrior is heavily damaged.
The skeletal warrior hits you but does no damage.
The skeletal warrior hits you with a +0 halberd.
* * * LOW HITPOINT WARNING * * *
You slice the skeletal warrior!!
The skeletal warrior is almost destroyed.
The skeletal warrior hits you with a +0 halberd!
* * * LOW HITPOINT WARNING * * *
The skeletal warrior hits you from afar with a +0 trident.
* * * LOW HITPOINT WARNING * * *
You are too berserk!
You closely miss the skeletal warrior.
You headbutt the skeletal warrior, but do no damage.
The skeletal warrior is almost destroyed.
You slash the skeletal warrior!
You destroy the skeletal warrior!
Trog accepts your kill. The skeletal warrior barely misses you.
Your Fighting skill increases to level 13!
Your Axes skill increases to level 13!
The skeletal warrior hits you with a +0 trident!
You die...

# .#
#########'###
#............
#............
#(....z......
#...)@)......
#.....)......
#............
+......[.....
#.<..........
#)...........
#............
#############


You could see a skeletal warrior.

Vanquished Creatures
  Snorg (D:10)
  A two-headed ogre (D:8)
  Sonja (Lair:2)
  4 skeletal warriors (D:11)
  A cyclops (D:11)
  2 black mambas (Lair:1)
  A guardian serpent (Lair:3)
  8 cane toads (Lair:1)
  3 rime drakes
  3 komodo dragons
  2 polar bears
  A troll (D:10)
  13 blink frogs
  A hornet (D:8)
  2 centaur simulacra (D:10)
  13 yaks
  A shadow (D:10)
  4 wyverns
  A wraith (D:7)
  A basilisk (Lair:2)
  2 steam dragons
  An acid dragon (D:8)
  6 water moccasins
  An orc warrior (D:10)
  A black bear (Lair:2)
  2 ice beasts
  7 centaurs
  2 ogres (D:5)
  A sky beast (D:7)
  7 wolves
  4 phantoms
  4 kobold brigands
  9 bullfrogs
  A scorpion (D:4)
  5 wights (D:6)
  2 howler monkeys (D:9)
  A jelly (D:6)
  7 hounds
  An orc priest (D:10)
  A gnoll bouda (D:9)
  A sleepcap (D:8)
  4 iguanas
  4 orc wizards
  8 gnolls
  9 adders
  2 river rats (Sewer)
  2 shadow imps
  3 white imps (D:10)
  4 ufetubi (D:10)
  A worm (D:3)
  2 dart slugs
  16 orcs
  8 ball pythons
  3 bats
  9 endoplasms
  3 giant cockroaches
  6 goblins
  6 hobgoblins
  7 jackals
  3 quokkas
  6 frilled lizards
  18 kobolds
  12 rats
266 creatures vanquished.

Notes
Turn   | Place    | Note
-------+----------+-------------------------------------------
     0 | D:1      | reriks the Minotaur Berserker began the quest for the Orb.
     0 | D:1      | Reached XP level 1. HP: 19/19 MP: 0/0
    31 | D:1      | Found a faded altar of an unknown god.
    45 | D:1      | Reached XP level 2. HP: 6/27 MP: 1/1
   611 | D:1      | Found Pinkukua's Magic Scroll Boutique.
   924 | D:2      | Reached XP level 3. HP: 32/33 MP: 2/2
   933 | D:2      | Reached ** piety under Trog
  1046 | D:2      | Reached XP level 4. HP: 41/41 MP: 3/3
  1856 | D:3      | Reached XP level 5. HP: 47/47 MP: 4/4
  2333 | D:3      | Reached *** piety under Trog
  2492 | D:4      | Found a glowing golden altar of the Shining One.
  2632 | D:4      | Reached skill level 5 in Fighting
  2661 | D:4      | Reached skill level 5 in Axes
  2661 | D:4      | Reached XP level 6. HP: 49/56 MP: 5/5
  3466 | D:4      | Found a shimmering blue altar of Sif Muna.
  3644 | D:5      | Entered Level 5 of the Dungeon
  3858 | D:5      | Reached XP level 7. HP: 54/62 MP: 6/6
  3860 | D:5      | Reached skill level 5 in Armour
  3891 | D:5      | Noticed a steam dragon
  3902 | D:5      | Killed a steam dragon
  3914 | D:5      | Reached skill level 5 in Dodging
  4268 | D:5      | Found a burning altar of Makhleb.
  4268 | D:5      | Noticed an Executioner
  4271 | D:5      | Noticed an orange demon
  4271 | D:5      | Noticed a hellwing
  4404 | D:5      | Found a bloodstained altar of Trog.
  5041 | D:6      | Reached XP level 8. HP: 71/71 MP: 7/7
  5234 | D:6      | Found a glowing drain.
  5244 | Sewer    | Entered a sewer
  5254 | Sewer    | Reached **** piety under Trog
  5540 | Sewer    | Found a glowing silver altar of Zin.
  6281 | D:7      | Found a staircase to the Ecumenical Temple.
  6512 | D:7      | Reached XP level 9. HP: 58/81 MP: 8/8
  7217 | D:8      | Noticed a two-headed ogre
  7225 | D:8      | Killed a two-headed ogre
  7808 | D:8      | Found a sacrificial altar of Ru.
  8626 | D:9      | Reached XP level 10. HP: 91/91 MP: 9/9
  9181 | D:10     | Entered Level 10 of the Dungeon
  9422 | D:10     | Noticed Snorg
  9436 | D:10     | Killed Snorg
  9437 | D:10     | Reached skill level 10 in Fighting
  9437 | D:10     | Reached skill level 10 in Axes
  9660 | D:10     | Identified the +0 leather armour of the Villain {rCorr
                  | Int+4}
  9808 | D:10     | Found a staircase to the Lair.
  9905 | D:10     | Reached skill level 10 in Armour
 10437 | D:11     | Noticed a cyclops
 10440 | D:11     | Noticed a skeletal warrior
 10441 | D:11     | Noticed a skeletal warrior
 10444 | D:11     | Killed a cyclops
 10444 | D:11     | Noticed a skeletal warrior
 10445 | D:11     | Reached XP level 11. HP: 101/101 MP: 10/10
 10445 | D:11     | Noticed a skeletal warrior
 10445 | D:11     | Noticed a skeletal warrior
 10522 | Lair:1   | Entered Level 1 of the Lair of Beasts
 10582 | Lair:1   | Identified 2 scrolls of acquirement
 10582 | Lair:1   | Acquired the ring of Lust {rPois Will+ Str+4 Dex-3 Slay+3}
 10598 | Lair:1   | Reached skill level 10 in Dodging
 11012 | Lair:1   | Found a runed translucent gate.
 11015 | Lair:1   | Found a runed translucent gate.
 11017 | Lair:1   | Noticed a minotaur
 11106 | Lair:1   | Found a runed translucent gate.
 11110 | Lair:1   | Noticed Midn8's ghost (journeyman OpCj)
 11983 | Lair:2   | Acquired a manual of Dodging
 12305 | Lair:2   | Found a staircase to the Shoals.
 12321 | Lair:2   | Reached XP level 12. HP: 57/112 MP: 11/11
 12325 | Lair:2   | Reached ***** piety under Trog
 12639 | Lair:2   | Noticed Sonja
 12653 | Lair:2   | Killed Sonja
 13622 | Lair:3   | Found a staircase to the Snake Pit.
 13669 | Lair:3   | Noticed a seven-headed hydra
 13856 | D:11     | HP: 6/169 [skeletal warrior/+0 trident (4)]
 13859 | D:11     | Slain by a skeletal warrior

Illustrated notes

Levels and vault maps discovered:
D:1:      ldierk_walled_garden_2, layout_loops_ring, serial_shops,
          nicolae_shop_rolled_up, hellmonk_ecumenical_altar_blasted,
          ebering_dispersal_statue_hall
D:2:      layout_loops_cross
D:3:      layout_basic, dreamdust_mushroom_princess
D:4:      layout_basic, marbit_many_paths, tso_metal_star
D:5:      layout_loops_corners, lightli_temple_of_fire,
          makhleb_altar_promises_db, chequers_decorated_corner
D:6:      layout_basic, portal_sewer_entry_d
D:7:      layout_basic, minmay_temple_entry_sparse_star
D:8:      lemuel_ice_spiral_2, layout_basic, nicolae_ru_path_of_blood
D:9:      layout_loops_cross
D:10:     layout_roguey, lair_entry_dummy, serial_ice, serial_ice_g,
          serial_ice_i, serial_ice_o, serial_ice_n, serial_ice_c, serial_ice_f,
          serial_ice_a, uniq_snorg
D:11:     layout_roguey
Lair:1:   layout_small_grid, maelrawn_ghost_gauntlet_escape, grunt_megastairs_4
Lair:2:   layout_cave_pods, minmay_shoals_entry_centaurs, uniq_sonja
Lair:3:   layout_long_grid, minmay_snake_entry_spellcaster, lemuel_fruit_fields

Skill      XL: |  1  2  3  4  5  6  7  8  9 10 11 12 |
---------------+-------------------------------------+-----
Fighting       | 4 5 6 8 9 10 12 13 | 13.0
Axes           | 4 5 6 7 9 10 12 13 | 13.0
Armour         | 3 4 5 7 9 10 12 | 12.7
Dodging        | 3 4 5 6 8 9 11 12 | 12.6

Action                     |  1- 3 |  4- 6 |  7- 9 | 10-12 || total
---------------------------+-------+-------+-------+-------++-------
  Melee: Hand axe          |    64 |   153 |   182 |    28 ||   427
         Headbutt          |    12 |    17 |    38 |    50 ||   117
         Punch             |       |       |     3 |       ||     3
         Battleaxe         |       |       |       |   213 ||   213
 Invoke: Berserk           |     1 |       |    10 |    10 ||    21
         Trog's Hand       |       |       |       |     4 ||     4
    Use: Scroll            |       |     3 |     7 |     5 ||    15
 Armour: Ring mail         |    14 |    39 |       |       ||    53
         Scale mail        |       |     2 |    65 |    11 ||    78
         Plate armour      |       |       |       |   211 ||   211
  Dodge: Dodged            |    37 |    93 |   119 |   170 ||   419

Table legend: (Time is in decaauts)
 A = Elapsed time spent in this place.
 B = Non-inter-level travel time spent in this place.
 C = Inter-level travel time spent in this place.
 D = Time resting spent in this place.
 E = Time spent auto-exploring this place.
 F = Levels seen in this place.
 G = Mean time per level.
                   A        B        C        D        E       F      G
               +--------+--------+--------+--------+--------+-----+--------+
         Total |  14069 |  13346 |    723 |   3580 |   8057 |  15 |  937.9 |
       Dungeon |  10867 |  10264 |    603 |   2521 |   6416 |  11 |  987.9 |
          Lair |   2854 |   2734 |    120 |    852 |   1576 |   3 |  951.3 |
         Sewer |    348 |    348 |      0 |    206 |     65 |   1 |  348.0 |
               +--------+--------+--------+--------+--------+-----+--------+

Top non-repeatable levels by time:
  Lair:2: 1744 daAuts
    D:10: 1526 daAuts
     D:5: 1334 daAuts
     D:9: 1330 daAuts
     D:4: 1173 daAuts
  Lair:1: 1057 daAuts
     D:8: 1049 daAuts
     D:7: 1032 daAuts
     D:6: 900 daAuts
     D:3: 899 daAuts
     D:1: 887 daAuts
     D:2: 702 daAuts
   Sewer: 348 daAuts
  Lair:3: 52 daAuts
    D:11: 31 daAuts
